 Dungeon Crawl Stone Soup version 0.26-a0-663-g36e8fdb655 (webtiles) character file.

Game seed: 13706375637497480399

121 jasper the Slasher (level 4, 0/35 HPs)
             Began as a Demonspawn Abyssal Knight on Oct 10, 2020.
             Was a Believer of Lugonu.
             Killed by nerve-wracking pain
             ... invoked by an orc priest
              (10 damage)
             ... on level 3 of the Dungeon.
             The game lasted 00:06:21 (3729 turns).

jasper the Slasher (Demonspawn Abyssal Knight)      Turns: 3729, Time: 00:06:21

Health: 0/35       AC:  8    Str: 14    XL:     4   Next: 76%
Magic:  5/5        EV: 10    Int: 13    God:    Lugonu [**....]
Gold:   187        SH:  0    Dex: 12    Spells: 3/3 levels left

rFire    . . .     SeeInvis .   a - +1 falchion
rCold    . . .     Faith    .   (no shield)
rNeg     . . .     Spirit   .   q - +0 ring mail
rPois    .         Reflect  .   (helmet restricted)
rElec    .         Harm     .   u - +2 cloak
rCorr    .         Rampage  .   (no gloves)
MR       .....                  (no boots)
Stlth    ..........             g - amulet of magic regeneration
HPRegen  0.11/turn              m - ring of attention (curse)
MPRegen  0.34/turn              (no ring)

@: no status effects
A: antennae 1, spiny 1, rot immunity
a: Depart the Abyss, Bend Space, Renounce Religion


You were on level 3 of the Dungeon.
You worshipped Lugonu.
Lugonu was pleased with you.
You visited 1 branch of the dungeon, and saw 3 of its levels.
You visited the Abyss 1 time.

You collected 187 gold pieces.

Inventory:

Hand Weapons
 a - a +1 falchion (weapon)
 n - a +0 hunting sling
Missiles
 d - 113 stones (quivered)
 p - 61 sling bullets
Armour
 b - a +0 leather armour
 j - a +0 scale mail
 q - a +0 ring mail (worn)
 u - a +2 cloak (worn)
Jewellery
 g - an amulet of magic regeneration (around neck)
 m - a cursed ring of attention (left hand)
Wands
 s - a wand of acid (3)
Scrolls
 e - a scroll of magic mapping
 f - 2 scrolls of fog {unknown}
 i - a scroll of blinking {unknown}
 l - 2 scrolls of identify {unknown}
 o - 2 scrolls of remove curse {unknown}
 r - a scroll of teleportation {unknown}
 t - a scroll of enchant weapon {unknown}
Potions
 c - 3 potions of heal wounds {unknown}
 h - a potion of berserk rage {unknown}
 k - 2 potions of curing {unknown}
 v - a potion of lignification {unknown}


   Skills:
 - Level 3.0 Fighting
 + Level 4.6 Long Blades
 - Level 1.7 Armour
 - Level 0.8 Dodging
 - Level 2.4 Invocations


You had 3 spell levels left.
You didn't know any spells.
Your spell library was empty.

Dungeon Overview and Level Annotations

Branches:
Dungeon (3/15)

Altars:
Wu Jian


Innate Abilities, Weirdness & Mutations

You have a pair of small antennae on your head.
You are partially covered in sharp spines.
You are immune to rotting.


Message History

Pain shoots through your body!
You take 9 damage, and have 13/35 hp.
MASSIVE DAMAGE!!
You closely miss the orc priest.
The orc priest is heavily wounded.
The orc priest miscasts a cantrip.
You hit the orc priest.
The orc priest is severely wounded.
The orc priest barely misses you.
You riposte.
You hit the orc priest.
The orc priest is almost dead.
The orc priest hits you with a +0 dagger.
* * * LOW HITPOINT WARNING * * *
You take 4 damage, and have 9/35 hp.
You barely miss the orc priest.
The orc priest is almost dead.
The orc priest hits you but does no damage.
You barely miss the orc priest.
The orc priest is almost dead.
The orc priest calls down the wrath of Beogh upon you.
Pain shoots through your body!
You die...

##################
#.@..†...).......#
#o##############.#
#. #.# #( #.# .(
#.# .. #.# ... #.#
.(. #.# #.#


You could see an orc priest.

Vanquished Creatures
  Terence (D:3)
  An adder (D:3)
  An ufetubus (D:3)
  2 worms (D:2)
  3 dart slugs
  2 leopard geckos
  2 orcs (D:3)
  2 ball pythons
  6 bats
  6 giant cockroaches
  9 goblins
  3 hobgoblins
  3 jackals (D:3)
  A quokka (D:2)
  5 frilled lizards
  6 kobolds
  14 rats
67 creatures vanquished.

Notes
Turn   | Place    | Note
-------+----------+-------------------------------------------
     0 | Abyss:1  | jasper the Demonspawn Abyssal Knight began the quest for
                  | the Orb.
     0 | Abyss:1  | Reached XP level 1. HP: 18/18 MP: 2/2
     0 | D:1      | Escaped the Abyss
    47 | D:1      | Reached skill level 2 in Long Blades
   254 | D:1      | Gained mutation: You are immune to rotting. [demonic
                  | ancestry]
   254 | D:1      | Reached XP level 2. HP: 24/24 MP: 3/3
   863 | D:2      | Reached skill level 3 in Long Blades
  1176 | D:2      | Reached * piety under Lugonu
  1243 | D:2      | Gained mutation: You are partially covered in sharp spines.
                  | [demonic ancestry]
  1243 | D:2      | Reached XP level 3. HP: 23/29 MP: 4/4
  1504 | D:2      | Found an ornate altar of the Wu Jian Council.
  2674 | D:3      | Gained mutation: You have a pair of small antennae on your
                  | head. [demonic ancestry]
  2674 | D:3      | Reached XP level 4. HP: 35/35 MP: 5/5
  2675 | D:3      | Reached skill level 4 in Long Blades
  2971 | D:3      | Noticed Terence
  2972 | D:3      | Reached ** piety under Lugonu
  2986 | D:3      | Killed Terence
  3729 | D:3      | Killed from afar by an orc priest

Illustrated notes

Levels and vault maps discovered:
D:1:      mrwooster_arrival_statue_2, layout_loops_ring
D:2:      layout_loops_ring, overflow_temple_1_default, serial_park_tiny_pond,
          kennysheep_path_1, st_stairs_6, minmay_pentomino_q2
D:3:      layout_basic, uniq_terence

Skill      XL: |  1  2  3  4 |
---------------+-------------+-----
Long Blades    | 2 3 4 |  4.6
Fighting       | |  3.0
Armour         | |  1.7
Dodging        | |  0.8
Invocations    | |  2.4

Action                   |  1- 3 |  4- 6 || total
-------------------------+-------+-------++-------
Melee: Falchion          |    67 |    16 ||    83
 Fire: Hunting sling     |    57 |    36 ||    93
Throw: Stone             |    55 |     1 ||    56
Invok: Depart the Abyss  |     1 |       ||     1
Evoke: Wand              |       |     1 ||     1
  Use: Scroll            |     1 |       ||     1
Armor: Leather armour    |    12 |       ||    12
       Scale mail        |     8 |       ||     8
       Ring mail         |     2 |     5 ||     7
Dodge: Dodged            |    40 |    11 ||    51
       Rpst.: Falchion   |    10 |     2 ||    12

Table legend: (Time is in decaauts)
 A = Elapsed time spent in this place.
 B = Non-inter-level travel time spent in this place.
 C = Inter-level travel time spent in this place.
 D = Time resting spent in this place.
 E = Time spent auto-exploring this place.
 F = Levels seen in this place.
 G = Mean time per level.
                   A        B        C        D        E       F      G
               +--------+--------+--------+--------+--------+-----+--------+
         Total |   3759 |   3618 |    141 |   1027 |   2065 |   4 |  939.8 |
       Dungeon |   3759 |   3618 |    141 |   1027 |   2065 |   3 | 1253.0 |
         Abyss |      0 |      0 |      0 |      0 |      0 |   1 |    0.0 |
               +--------+--------+--------+--------+--------+-----+--------+

Top non-repeatable levels by time:
     D:3: 1649 daAuts
     D:2: 1236 daAuts
     D:1: 874 daAuts
